 Dungeon Crawl Stone Soup version 0.30-a0-23-ge60ba3568b (webtiles) character file.

Game seed: 7739736458068511516

244 SensoryNuts the Chopper (level 5, -4/41 HPs)
             Began as a Demonspawn Fighter on Aug 24, 2022.
             Slain by Valamore's ghost (20 damage)
             ... on level 4 of the Dungeon.
             The game lasted 00:04:04 (2912 turns).

SensoryNuts the Chopper (Demonspawn Fighter)        Turns: 2912, Time: 00:04:05

Health: -4/41      AC:  9    Str: 17    XL:     5   Next: 83%
Magic:  5/5        EV:  7    Int:  9    God:
Gold:   87         SH: 13    Dex: 14    Spells: 4/4 levels left

rFire   + + .      SeeInvis +    a - +1 war axe
rCold   x . .      Faith    .    b - +0 kite shield
rNeg    . . .      Spirit   .    e - +0 fire dragon scales
rPois   .          Reflect  .    (no helmet)
rElec   .          Harm     .    (no cloak)
rCorr   .          Rampage  .    (no gloves)
Will    .....                    (no boots)
Stlth   ..........               (no amulet)
HPRegen 0.13/turn                m - ring of see invisible
MPRegen 0.09/turn                (no ring)

@: mighty
A: condensation shield, MP-powered wands
a: no special abilities


You were on level 4 of the Dungeon.
You visited 1 branch of the dungeon, and saw 4 of its levels.

You collected 87 gold pieces.

Inventory:

Hand Weapons
 a - a +1 war axe (weapon)
Armour
 b - a +0 kite shield (worn)
 e - +0 fire dragon scales (worn)
Jewellery
 l - a ring of protection from cold
 m - a ring of see invisible (left hand)
Wands
 i - a wand of mindburst (15)
Scrolls
 c - 2 scrolls of identify
 f - 2 scrolls of amnesia
 j - a scroll of immolation {unknown}
 k - 2 scrolls of torment {unknown}
Potions
 d - a potion of might
 g - a potion of lignification {unknown}
 h - a potion of invisibility {unknown}
 n - a potion of attraction


   Skills:
 + Level 3.5 Fighting
 * Level 4.3 Axes
 + Level 3.1 Armour
 + Level 0.8 Dodging
 + Level 3.4 Shields


You had 4 spell levels left.
You didn't know any spells.
Your spell library contained the following spells:

 Spells                   Type           Power      Damage    Failure   Level
 Necrotise                Necr           0%         1d4       99%         1
 Call Canine Familiar     Summ           0%         N/A       100%        3
 Portal Projectile        Hex/Tloc       0%         N/A       100%        3
 Vampiric Draining        Necr           0%         2d6       100%        3
 Leda's Liquefaction      Hex/Erth       0%         N/A       100%        4
 Agony                    Necr           0%         N/A       100%        5


Dungeon Overview and Level Annotations

Branches:
Dungeon (4/15)
 Temple: D:4-7

Altars:
Makhleb
Nemelex Xobeh

Shops:
D:1 ?

Annotations:
D:4 Valamore's ghost, amateur OpEE


Innate Abilities, Weirdness & Mutations

A meltable shield of frost defends you. (SH +4)
You expend magic power (3 MP) to strengthen your wands.


Message History

You block the orc's attack.
You slash the orc!
You kill the orc!
Valamore's ghost screams, "I was like you once."
Things that are here:
a +0 club; an orc corpse Unknown command.
Valamore's ghost screams, "I'll kill anyone who wants the ORB!"
You feel very mighty all of a sudden.
The giant cockroach waves its antennae.
You open the door.
The river rat twitches its whiskers.
You completely miss the ball python. The ball python barely misses you.
The ball python grabs you. The ball python constricts you.
You block the ball python's attack. The ball python constricts you.
You hit the ball python.
You kill the ball python!
The river rat twitches its whiskers.
You block the river rat's attack.
Valamore's ghost whispers, "Soon you will have time, lots of time..."
You hit the river rat.
The river rat is heavily wounded.
You closely miss the river rat. You hit the river rat.
The river rat bites you but does no damage.
The river rat bites you!
The earth trembles for a moment.
The river rat bites you. x2
You slice the river rat!!
You kill the river rat!
You barely miss the river rat. You block the giant cockroach's attack.
The river rat barely misses you.
You slash the giant cockroach!
You kill the giant cockroach!
You hit the river rat.
You kill the river rat!
You closely miss Valamore's ghost. Valamore's ghost hits you.
You are electrocuted!
Valamore's ghost hits you but does no damage.
You are electrocuted!!
You die...

#.# #.# #.# #.# #.#
#.# ##.########
#...#~~~~~~ #.
#..@W~~~~?~ ...
#.#)#~~~~~~ ....#
#.#.###########.....
#.#.................
#.#................
###.##.............###
#.....#.....#. .......
#........#######<..# #
#.....##.........#####


You could see Valamore's ghost.

Vanquished Creatures
  A jelly (D:4)
  Jessica (D:2)
  An orc wizard (D:3)
  4 adders
  2 river rats (D:4)
  An ufetubus (D:4)
  A worm (D:3)
  4 dart slugs
  7 orcs
  9 bats
  8 endoplasms
  3 giant cockroaches
  15 goblins
  5 hobgoblins
  4 jackals (D:1)
  3 kobolds
  2 quokkas (D:1)
  6 ball pythons
  A frilled lizard (D:1)
  9 rats
87 creatures vanquished.

Notes
Turn   | Place    | Note
-------+----------+-------------------------------------------
     0 | D:1      | SensoryNuts the Demonspawn Fighter began the quest for the
                  | Orb.
     0 | D:1      | Reached XP level 1. HP: 18/18 MP: 1/1
   135 | D:1      | Gained mutation: A meltable shield of frost defends you.
                  | (SH +4) [demonic ancestry]
   135 | D:1      | Reached XP level 2. HP: 24/24 MP: 2/2
   365 | D:1      | Reached skill level 2 in Axes
   453 | D:1      | Found Amaczida's Magic Scroll Shoppe.
   553 | D:1      | Found a faded altar of an unknown god.
   696 | D:2      | Reached XP level 3. HP: 27/29 MP: 3/3
   950 | D:2      | Noticed Jessica
   956 | D:2      | Killed Jessica
   957 | D:2      | Reached skill level 3 in Axes
   957 | D:2      | Reached XP level 4. HP: 21/35 MP: 4/4
  1957 | D:2      | Gained mutation: You expend magic power (3 MP) to
                  | strengthen your wands. [potion of mutation]
  2377 | D:3      | Reached XP level 5. HP: 37/41 MP: 5/5
  2461 | D:3      | Found a sparkling altar of Nemelex Xobeh.
  2590 | D:3      | Found a burning altar of Makhleb.
  2593 | D:3      | Noticed a cacodemon
  2745 | D:4      | Reached skill level 4 in Axes
  2891 | D:4      | Found a runed translucent door.
  2891 | D:4      | Noticed Valamore's ghost (amateur OpEE)
  2912 | D:4      | Slain by Valamore's ghost

Illustrated notes

Levels and vault maps discovered:
D:1:      minmay_arrival_cross, layout_basic, serial_shops,
          nicolae_shop_crystal, chequers_ecumenical_altar_simple_redux
D:2:      layout_basic, basic_altar, minmay_goblin_outpost, uniq_jessica
D:3:      layout_loops_ring, mainiacjoe_overflow_catwalk,
          makhleb_altar_promises_db
D:4:      layout_rooms, ebering_ghost_sewer_f, serial_curves, eino_curves_04,
          eino_curves_02, st_stairs_10, kennysheep_generic_room_15

Skill      XL: |  1  2  3  4  5 |
---------------+----------------+-----
Axes           | 2 3 4 |  4.3
Shields        | 3 |  3.4
Armour         | 3 |  3.1
Fighting       | |  3.5
Dodging        | |  0.8

Action                   |  1- 3 |  4- 6 || total
-------------------------+-------+-------++-------
Melee: War axe           |    74 |   115 ||   189
  Use: Potion            |       |     7 ||     7
       Scroll            |       |     4 ||     4
Armor: Fire dragon scale |    44 |    54 ||    98
Dodge: Dodged            |    36 |    32 ||    68
Block: Buckler           |    47 |    14 ||    61
       Kite shield       |       |    55 ||    55

Table legend: (Time is in decaauts)
 A = Elapsed time spent in this place.
 B = Non-inter-level travel time spent in this place.
 C = Inter-level travel time spent in this place.
 D = Time resting spent in this place.
 E = Time spent auto-exploring this place.
 F = Levels seen in this place.
 G = Mean time per level.
                   A        B        C        D        E       F      G
               +--------+--------+--------+--------+--------+-----+--------+
         Total |   2995 |   2900 |     95 |      0 |   2329 |   4 |  748.8 |
       Dungeon |   2995 |   2900 |     95 |      0 |   2329 |   4 |  748.8 |
               +--------+--------+--------+--------+--------+-----+--------+

Top non-repeatable levels by time:
     D:2: 1351 daAuts
     D:3: 729 daAuts
     D:1: 697 daAuts
     D:4: 217 daAuts
